Map: Oxide LE

Players

Nice

  • Race: Protoss Protoss

Has - Winner!

  • Race: Protoss Protoss

VOD

Have the link to the VOD?

Description

Time

  • Played on: Oct. 3, 2021, 8:17 a.m.
  • Length: 11:53
Show
View Real Time Build Order
Export as new Build Order

Nice Protoss 

Build Orders: 1 Gate Expand, Blink Stalkers 

Get SALT Encoding   

  12  0:00  Probe  
  13  0:12  Probe  
  14  0:19  Pylon  
  14  0:24  Probe  
  15  0:37  Probe (Chrono Boost)  
  15  0:38  Gateway  
  16  0:48  Assimilator, Probe (Chrono Boost)  
  17  0:53  Probe (Chrono Boost)  
  18  1:04  Probe  
  19  1:16  Probe  
  20  1:30  Nexus  
  20  1:35  Cybernetics Core  
  20  1:41  Assimilator, Probe  
  21  1:48  Pylon  
  22  1:54  Probe  
  22  2:06  Probe  
  23  2:09  Stalker (Chrono Boost)  
  23  2:11  Warp Gate  
  25  2:18  Probe  
  26  2:28  Shield Battery  
  26  2:30  Probe  
  26  2:31  Stalker  
  29  2:40  Twilight Council  
  29  2:42  Probe (Chrono Boost)  
  30  2:47  Probe (Chrono Boost)  
  31  2:52  Probe (Chrono Boost)  
  31  2:53  Probe (Chrono Boost)  
  31  2:57  Probe (Chrono Boost)  
  32  3:01  Probe  
  32  3:04  Stalker  
  36  3:09  Shield Battery  
  36  3:11  Probe  
  36  3:12  Blink (Chrono Boost)  
  37  3:24  Probe x2  
  39  3:30  Gateway  
  39  3:37  Gateway  
  39  3:38  Probe  
  39  3:41  Probe  
  41  3:50  Probe  
  41  3:53  Probe  
  41  3:55  Pylon  
  43  4:00  Stalker  
  45  4:02  Shield Battery  
  45  4:04  Probe  
  46  4:10  Robotics Facility  
  46  4:13  Probe  
  46  4:16  Probe  
  42  4:25  Probe  
  42  4:29  Probe  
  44  4:34  Stalker x2  
  44  4:37  Probe, Sentry  
  51  4:41  Probe  
  51  4:45  Pylon  
  52  4:49  Probe  
  51  4:53  Probe  
  51  4:57  Observer  
  53  5:01  Nexus, Probe  
  53  5:05  Stalker, Probe  
  57  5:11  Stalker  
  59  5:14  Shield Battery  
  59  5:15  Probe  
  59  5:19  Stalker  
  59  5:20  Observer  
  62  5:25  Probe  
  62  5:29  Assimilator  
  62  5:33  Pylon  
  62  5:35  Pylon  
  62  5:49  Immortal (Chrono Boost)  
  62  5:51  Probe x2  
  62  5:54  Pylon  
  62  5:55  Stalker  
  62  5:56  Stalker  
  72  6:04  Stalker, Probe x2  
  74  6:11  Forge  
  76  6:16  Probe x2  
  78  6:20  Adept x2  
  78  6:24  Observer  
  82  6:27  Stalker  
  82  6:28  Probe (Chrono Boost)  
  85  6:33  Immortal  
  85  6:34  Probe (Chrono Boost)  
  85  6:35  Probe (Chrono Boost)  
  85  6:37  Protoss Ground Weapons Level 1 (Chrono Boost)  
  91  6:40  Probe (Chrono Boost)  
  91  6:46  Probe (Chrono Boost)  
  94  6:47  Probe (Chrono Boost)  
  94  6:49  Probe (Chrono Boost)  
  94  6:51  Probe (Chrono Boost)  
  94  6:52  Probe (Chrono Boost)  
  97  6:55  Probe  
  97  6:57  Pylon  
  97  7:00  Probe  
  99  7:02  Pylon  
  99  7:05  Pylon  
  99  7:08  Probe  
  101  7:10  Pylon  
  101  7:12  Gateway  
  101  7:13  Gateway  
  101  7:15  Gateway  
  100  7:17  Sentry x2  
  100  7:19  Probe x2  
  100  7:20  Probe  
  107  7:30  Assimilator  
  107  7:31  Assimilator  
  107  7:33  Probe  
  107  7:34  Assimilator, Probe x2  
  107  7:35  Observer (Chrono Boost)  
  111  7:41  Pylon  
  111  7:44  Photon Cannon  
  111  7:47  Pylon  
  111  7:51  Photon Cannon  
  111  7:56  Robotics Bay  
  111  8:05  Observer  
  111  8:09  Gateway  
  111  8:10  Gateway  
  111  8:11  Stalker x2  
  111  8:12  Stalker x4  
  123  8:17  Shield Battery  
  121  8:32  Observer  
  119  8:35  Immortal (Chrono Boost)  
  119  8:37  Zealot x5  
  133  8:42  Protoss Ground Weapons Level 2 (Chrono Boost)  
  130  8:56  Stalker  
  129  9:10  Gravitic Boosters  
  129  9:11  Disruptor (Chrono Boost)  
  129  9:12  Robotics Facility  
  132  9:19  Photon Cannon  
  132  9:25  Pylon  
  132  9:28  Photon Cannon, Shield Battery  
  132  9:30  Photon Cannon, Shield Battery  
  132  9:31  Pylon  
  132  9:38  Disruptor (Chrono Boost)  
  132  9:41  Pylon  
  132  9:45  Photon Cannon, Observer  
  135  9:49  Probe  
  135  9:50  Probe x2  
  138  10:01  Disruptor  
  138  10:06  Disruptor (Chrono Boost)  
  141  10:10  Stalker x2  
  141  10:11  Stalker x6  
  153  10:34  Zealot x6, Disruptor (Chrono Boost)  
  148  10:42  Observer (Chrono Boost)  
  128  10:59  Stalker x4  
  128  11:00  Stalker x2  
  128  11:04  Stalker x2  
  118  11:10  Disruptor  
  118  11:11  Disruptor  
  94  11:22  Stalker x2  
  94  11:23  Stalker  
  90  11:27  Stalker x2  
  90  11:28  Stalker  
Show
View Real Time Build Order
Export as new Build Order

Has Protoss - Winner!

Build Orders: 1 Gate Expand, Oracle Opening 

Get SALT Encoding   

  12  0:00  Probe  
  13  0:12  Probe  
  14  0:17  Pylon  
  14  0:24  Probe  
  14  0:27  Assimilator  
  15  0:36  Probe (Chrono Boost)  
  15  0:42  Gateway  
  16  0:46  Probe (Chrono Boost)  
  17  0:53  Probe  
  17  0:55  Assimilator  
  18  1:05  Probe  
  19  1:17  Probe  
  20  1:30  Cybernetics Core  
  21  1:38  Nexus  
  20  1:45  Pylon  
  20  1:48  Probe  
  21  2:00  Probe  
  22  2:05  Stalker (Chrono Boost)  
  24  2:15  Stargate  
  24  2:17  Probe  
  25  2:27  Warp Gate  
  25  2:29  Probe  
  25  2:41  Probe  
  26  2:48  Pylon  
  26  2:49  Void Ray (Chrono Boost)  
  26  2:50  Probe (Chrono Boost)  
  32  2:59  Probe (Chrono Boost)  
  32  3:01  Probe (Chrono Boost)  
  33  3:06  Probe (Chrono Boost)  
  33  3:07  Probe (Chrono Boost)  
  35  3:16  Probe  
  35  3:17  Probe  
  37  3:22  Oracle (Chrono Boost)  
  40  3:29  Probe  
  40  3:30  Probe  
  41  3:34  Pylon  
  41  3:36  Pylon  
  41  3:41  Probe  
  42  3:42  Probe  
  42  3:44  Twilight Council  
  43  3:53  Probe  
  43  3:54  Probe  
  45  4:01  Pylon  
  45  4:05  Probe  
  45  4:06  Probe  
  45  4:09  Assimilator  
  47  4:10  Gateway  
  47  4:11  Pylon  
  47  4:13  Gateway  
  47  4:17  Probe  
  47  4:18  Probe  
  47  4:20  Dark Shrine  
  47  4:23  Shield Battery  
  49  4:28  Gateway  
  49  4:29  Probe  
  49  4:30  Probe  
  51  4:32  Blink (Chrono Boost)  
  51  4:41  Probe  
  51  4:45  Stalker  
  54  4:51  Probe  
  55  4:56  Forge  
  55  4:57  Gateway  
  55  5:03  Pylon  
  56  5:12  Nexus  
  55  5:14  Stalker  
  57  5:28  Assimilator, Protoss Ground Weapons Level 1 (Chrono Boost)  
  56  5:30  Stalker x3  
  60  5:37  Probe  
  60  5:38  Stalker, Probe  
  60  5:41  Pylon  
  64  5:49  Shield Battery  
  64  5:50  Robotics Facility  
  64  5:56  Dark Templar  
  66  6:02  Stalker  
  66  6:03  Pylon  
  68  6:08  Photon Cannon  
  68  6:10  Stalker  
  68  6:11  Probe  
  71  6:13  Probe  
  72  6:23  Probe (Chrono Boost)  
  72  6:24  Photon Cannon  
  73  6:27  Pylon  
  73  6:30  Probe (Chrono Boost)  
  75  6:35  Probe (Chrono Boost)  
  75  6:36  Probe (Chrono Boost)  
  75  6:38  Observer  
  77  6:41  Probe (Chrono Boost)  
  77  6:42  Probe (Chrono Boost)  
  77  6:45  Probe x2 (Chrono Boost)  
  79  6:49  Probe  
  79  6:50  Sentry  
  83  6:55  Probe  
  83  6:56  Probe  
  83  6:58  Stalker  
  83  6:59  Stalker  
  93  7:01  Probe  
  93  7:05  Pylon  
  93  7:07  Probe  
  95  7:15  Warp Prism  
  91  7:16  Probe, Protoss Ground Weapons Level 2 (Chrono Boost)  
  91  7:17  Probe  
  91  7:18  Assimilator  
  95  7:23  Assimilator, Probe  
  95  7:25  Robotics Bay  
  95  7:28  Probe  
  95  7:29  Shadow Stride (Chrono Boost)  
  97  7:35  Pylon  
  97  7:42  Gateway  
  97  7:43  Gateway  
  97  7:44  Shield Battery  
  97  7:49  Stalker x5  
  107  8:13  Pylon  
  107  8:15  Dark Templar x3  
  107  8:17  Probe x3  
  107  8:19  Stalker x2  
  120  8:20  Pylon  
  119  8:29  Probe  
  118  8:41  Probe x2  
  120  8:42  Disruptor (Chrono Boost)  
  120  8:46  Pylon  
  123  8:50  Stalker x4  
  123  8:51  Stalker x3  
  137  9:08  Disruptor (Chrono Boost)  
  135  9:10  Shield Battery  
  135  9:11  Nexus, Shield Battery  
  135  9:12  Pylon  
  135  9:14  Photon Cannon  
  135  9:15  Probe, Shield Battery  
  139  9:28  Probe x3  
  139  9:31  Photon Cannon  
  142  9:32  Shield Battery  
  142  9:37  Disruptor (Chrono Boost)  
  142  9:38  Gateway  
  142  9:40  Probe  
  142  9:43  Robotics Facility  
  146  9:47  Probe x2  
  148  9:52  Probe  
  148  9:53  Stalker  
  148  9:54  Stalker x4  
  148  9:56  Dark Templar  
  148  9:57  Dark Templar  
  163  10:06  Probe  
  163  10:07  Probe  
  165  10:08  Pylon  
  165  10:10  Pylon  
  165  10:12  Assimilator  
  163  10:15  Assimilator  
  163  10:22  Disruptor  
  166  10:34  Probe x2  
  163  10:41  Stalker x3  
  163  10:42  Stalker x5  
  179  10:43  Probe x2  
  179  10:48  Dark Shrine  
  156  11:07  Stalker x8  
  156  11:13  Probe, Disruptor (Chrono Boost)  
  156  11:14  Probe x2  
  154  11:21  Disruptor (Chrono Boost)  
  144  11:32  Stalker x8  
Tags
 
Add a new tag
Caveats
  • Supply blocks, unpowered buildings, or Contaminate may cause inaccurate times.
  • Supply counts are checked every 10 seconds.